 Dungeon Crawl Stone Soup version 0.29.1-12-g30fa7ad0bf (webtiles) character file.

Game seed: 15247067629658021798

342820 concernfroge the Severer (level 21, 0/165 HPs)
             Began as a Mummy Monk on Dec 19, 2022.
             Was an Elder of Trog.
             Slain by a cyan very ugly thing (7 damage)
             ... on level 2 of the Depths on Dec 21, 2022.
             The game lasted 05:36:16 (64314 turns).

concernfroge the Severer (Mummy Monk)              Turns: 64314, Time: 05:36:17

Health: 0/165      AC: 34    Str: 36    XL:     21   Next: 11%
Magic:  21/21      EV:  9    Int: 13    God:    Trog [****..]
Gold:   1024       SH: 23    Dex: 19    Spells: 20/20 levels left

rFire   + . .      SeeInvis +   b - +7 morningstar of Uncomfortable Rashes {vorpal, rPois rF+ rN+}
rCold   + + .      Faith    .   v - +0 tower shield
rNeg    + + +      Spirit   .   P - +2 crystal plate armour {rC+}
rPois   ∞          Reflect  +   e - +2 helmet {SInv}
rElec   +          Harm     .   G - +2 cloak
rCorr   +          Rampage  .   p - +0 pair of gloves "Jozog" {rPois Int+3 Dex+4 SInv}
Will    ++...                   S - +1 pair of boots of Shadows and Fog {Contam rElec rPois Str+8}
Stlth   ..........              I - amulet "Otuceot" {Reflect Str+4 SH+5}
HPRegen 1.37/turn               k - ring of protection from fire
MPRegen 0.17/turn               M - ring of resist corrosion

@: weak-willed, strong-willed, regenerating, studying Polearms
A: cold resistance 1, negative energy resistance 3, torment resistance 2, heat
vulnerability 1, in touch with death 2, no potions
}: 2/15 runes: decaying, gossamer
a: Renounce Religion, Trog's Hand, Brothers in Arms


You were on level 2 of the Depths.
You worshipped Trog.
Trog was greatly pleased with you.
You visited 9 branches of the dungeon, and saw 39 of its levels.
You visited 2 bazaars.
You also visited: Sewer, Ossuary, Gauntlet and Ice Cave.

You collected 6310 gold pieces.
You spent 5286 gold pieces at shops.

Inventory:

Hand Weapons
 a - a +6 broad axe of flaming
 b - the +7 morningstar of Uncomfortable Rashes (weapon) {vorpal, rPois rF+ rN+}
   (You found it on level 5 of the Lair of Beasts)

   It inflicts extra damage upon your enemies.
   rF:        It protects you from fire.
   rPois:     It protects you from poison.
   rN:        It protects you from negative energy.
 F - the +8 whip of the Thing {vorpal, Fly rElec}
   (You found it on level 1 of the Lair of Beasts)

   It inflicts extra damage upon your enemies.
   rElec:     It insulates you from electricity.
   Fly:       It grants you flight.
 J - the +7 lajatang of Order {silver, rMut}
   (You found it on level 5 of the Lair of Beasts)

   It inflicts extra damage upon those it strikes, and deals substantially
   increased damage to chaotic, mutated and magically transformed beings.
   rMut:      It protects you from mutation.
Missiles
 f - 121 stones
 j - 8 poisoned darts
 m - a datura-tipped dart (quivered)
 D - 7 javelins
 N - 5 atropa-tipped darts
 O - 2 boomerangs
 W - 2 throwing nets
Armour
 e - a +2 helmet of see invisible (worn)
 l - the +9 plate armour "Gegen" {Contam Harm rElec rPois}
   (You found it in a sewer)

   rElec:     It insulates you from electricity.
   rPois:     It protects you from poison.
   Contam:    It causes magical contamination when unequipped.
   Harm:      It increases damage dealt and taken.
 p - the +0 pair of gloves "Jozog" (worn) {rPois Int+3 Dex+4 SInv}
   (You acquired it on level 3 of the Vaults)

   Int:       It affects your intelligence (+3).
   Dex:       It affects your dexterity (+4).
   rPois:     It protects you from poison.
   SInv:      It lets you see invisible.
 t - a +1 pair of boots of rampaging
 v - a +0 tower shield (worn)
 G - a +2 cloak (worn)
 P - a +2 crystal plate armour of cold resistance (worn)
 R - a +0 kite shield of cold resistance
 S - the +1 pair of boots of Shadows and Fog (worn) {Contam rElec rPois Str+8}
   (You found it on level 1 of the Depths)

   Str:       It affects your strength (+8).
   rElec:     It insulates you from electricity.
   rPois:     It protects you from poison.
   Contam:    It causes magical contamination when unequipped.
Jewellery
 h - an amulet of regeneration
 k - a ring of protection from fire (left hand)
 w - a ring of willpower
 A - a ring of protection from fire
 I - the amulet "Otuceot" (around neck) {Reflect Str+4 SH+5}
   (You bought it in a shop in a bazaar)

   [amulet of reflection]

   It reflects blocked missile attacks.
   Str:       It affects your strength (+4).
   SH:        It affects your SH (+5).
 M - a ring of resist corrosion (right hand)
 T - a ring of protection from cold
 V - a ring of see invisible
Wands
 c - a wand of polymorph (19)
 s - a wand of paralysis (32)
 Q - a wand of light (2)
Scrolls
 d - a scroll of summoning
 i - 12 scrolls of teleportation
 o - a scroll of fear
 q - 8 scrolls of poison
 r - 8 scrolls of noise
 u - 6 scrolls of immolation
 x - 2 scrolls of brand weapon
 y - 4 scrolls of blinking
 B - 4 scrolls of torment
 C - 4 scrolls of butterflies
 E - 2 scrolls of vulnerability
 U - 2 scrolls of enchant weapon
 X - a scroll of silence
Miscellaneous
 g - a lightning rod (4/4)
 z - a box of beasts (inert)
 H - a phantom mirror (inert)
 K - a tin of tremorstones (inert)
 L - a condenser vane


   Skills:
 - Level 14.0 Fighting
 - Level 15.9(17.6) Axes
 - Level 12.6(16.0) Maces & Flails
 - Level 2.4(10.6) Polearms
 - Level 12.0 Throwing
 - Level 12.0 Armour
 + Level 8.6 Dodging
 - Level 1.5 Stealth
 - Level 12.0 Shields
 - Level 12.0 Evocations


You had 20 spell levels left.
You didn't know any spells.
Your spell library contained the following spells:

 Spells                   Type           Power      Damage    Failure   Level
 Foxfire                  Conj/Fire      0%         2x1d4     100%        1
 Conjure Flame            Conj/Fire      0%         6-21      100%        3
 Inner Flame              Hex/Fire       0%         N/A       100%        3
 Flame Wave               Conj/Fire      0%         2d4       100%        4


Dungeon Overview and Level Annotations

Branches:
Dungeon (15/15)            Temple (1/1) D:5            Lair (5/5) D:11
  Swamp (4/4) Lair:2       Spider (4/4) Lair:2        Slime (0/5) Lair:5
    Orc (2/2) D:11            Elf (2/3) Orc:2        Vaults (4/5) D:14
  Crypt (0/3) Vaults:3     Depths (2/4) D:15          Sewer (visited)
Ossuary (visited)           IceCv (visited)         Gauntlet (visited)

Altars:
Ashenzari
Cheibriados
Dithmenos
Fedhas
Gozag
Hepliaklqana
Kikubaaqudgha
Makhleb
Nemelex Xobeh
Okawaru
Qazlal
Ru
Sif Muna
Trog
Uskayaw
Vehumet
Wu Jian
Xom
Yredelemnul

Shops:
D:5 *   D:9 ?   Orc:2 ?!?*   Elf:1 [   Vaults:2 (

Portals:
Hell: Depths:1
Pandemonium: Depths:1

Annotations:
D:1 2 transporters
D:7 2 runed translucent doors
Swamp:3 2 transporters, gdog's ghost, adept GnDe
Spider:3 2 transporters, exclusion: orange crystal statue
Vaults:3 3 runed translucent doors, MackTheFife's ghost, veteran HOGl; rgbqcd's ghost, veteran MiBe; vegansnacktivist's ghost, adept DDFi
Depths:1 exclusion: eye of devastation


Innate Abilities, Weirdness & Mutations

You are immune to poison.
Your flesh is cold resistant. (rC+)
You are immune to negative energy. (rN+++)
You are immune to unholy pain and torment.
You are vulnerable to heat. (rF-)
You are strongly in touch with the powers of death.
You do not drink.


Message History

The frost giant shouts!
You hear a shout!
The frost giant moves out of view.
A deep troll earth mage and a fire dragon come into view.
The deep troll earth mage casts a spell next to you.
The wall shatters!
The blast of rock fragments hits you but does no damage.
The smoke demon gestures at you. The ball of steam hits you. You resist.
Your surroundings suddenly seem different. 2 cyan very ugly things, 3 cyan ugly things and an ettin come into view.
Found a scroll of brand weapon, a ring mail and a wand of paralysis (3).
Found a stone staircase leading down.
The cyan very ugly thing gurgles horribly!
The cyan ugly thing gurgles horribly!
The cyan very ugly thing gurgles horribly!
The cyan ugly thing gurgles horribly!
Okay, then.
Okay, then.
Okay, then.
As you read the scroll of summoning, it crumbles to dust.
Wisps of shadow whirl around you... You block the ettin's attack.
The ettin hits you with a +0 dire flail!
* * * LOW HITPOINT WARNING * * *
The cyan ugly thing punches your stone giant.
The cyan ugly thing shocks your stone giant!
You block the cyan very ugly thing's attack.
Your skin crawls.
You feel strong-willed. You block the ettin's attack. x2
The cyan ugly thing tentacle-slaps your stone giant but does no damage.
The cyan very ugly thing claws you!
* * * LOW HITPOINT WARNING * * *
The cyan very ugly thing shocks you! You resist.
* * * LOW HITPOINT WARNING * * *
The cyan ugly thing punches your stone giant.
The cyan ugly thing shocks your stone giant!
The cyan very ugly thing stings you!
* * * LOW HITPOINT WARNING * * *
The cyan very ugly thing shocks you! You resist.
You die...

#######
....... .
....... ...
##..?..#
.....##.G...##
.....uu@C....#
......CuuD..##
......u.....#
............#
>.......[..##
../.........
............#
............#


You could see 2 very ugly things, 3 ugly things, an ettin (ally target), a
friendly ice dragon (summoned), a friendly stone giant (summoned) and a friendly
glowing orange brain (summoned).

Vanquished Creatures
  An ancient lich (Vaults:3)
  A juggernaut (Depths:1)
  Mennas (Vaults:3)
  Bai Suzhen (Spider:4)
  A bone dragon (Swamp:4)
  Mlioglotl (Spider:4)
  Jorgrun (Spider:2)
  Asterion (Vaults:3)
  3 sphinxes
  Agnes (D:14)
  Kirke (Lair:3)
  Gastronok (D:8)
  A thorn hunter (Swamp:1)
  Donald (Vaults:1)
  4 fire giants
  3 frost giants
  2 deep elf sorcerers (Vaults:3)
  An iron dragon (Depths:1)
  5 vault wardens
  A fenstrider witch (Swamp:4)
  4 emperor scorpions
  Aizul (Vaults:1)
  3 ghost moths (Spider:4)
  3 orc warlords
  10 ironbound preservers
  2 reapers
  A curse skull (Vaults:3)
  A spriggan defender (Depths:1)
  12 very ugly things
  A stone giant (Vaults:1)
  A vampire knight (Depths:1)
  2 eleionomae
  6 ironbound thunderhulks
  5 dire elephants
  2 bunyips
  2 entropy weavers
  A minotaur (Gauntlet)
  Azrael (D:13)
  2 spark wasps
  2 ettins
  6 fire dragons
  A deep elf high priest (Elf:2)
  The ghost of anonymouscript the Basher, a journeyman MiBe of Trog (Orc:2)
  5 yaktaur captains
  4 great orbs of eyes
  12 hydras
  6 vault guards
  2 rakshasas (Depths:1)
  A spriggan air mage (Depths:2)
  A ghost crab (Swamp:4)
  9 ironbound frosthearts
  An ogre mage (D:14)
  A radroach (Spider:1)
  9 boulder beetles
  A jorogumo (Spider:4)
  3 catoblepae
  3 two-headed ogres
  13 centaur warriors
  8 alligators
  2 death yaks (Lair:5)
  A tengu warrior (D:15)
  2 hell hogs (Depths:1)
  14 dancing weapons
  An orc high priest (Orc:2)
  A vampire mage (Vaults:3)
  3 deep troll earth magi (Depths:1)
  2 spriggan berserkers (Depths:2)
  Sonja (D:13)
  11 spriggans
  14 deep elf knights
  3 iron trolls (Depths:1)
  A death drake (Swamp:4)
  5 pharaoh ants
  5 spriggan druids
  A fire crab (shapeshifter) (D:15)
  A sea snake (shapeshifter) (Depths:1)
  11 orb spiders
  4 steelbarb worms
  A sun moth (Spider:4)
  4 swamp dragons
  A flayed ghost (D:15)
  39 deep trolls
  11 ironbound convokers
  4 spectral hydras (Swamp:4)
  3 glowing orange brains
  19 deep elf zephyrmancers
  4 wizards
  9 bog bodies
  12 lindwurms
  10 deep elf archers
  24 deep elf pyromancers
  A wolf spider zombie (Spider:3)
  A phantasmal warrior (Swamp:4)
  11 orc knights
  A spectral wolf spider (Spider:3)
  7 cyclopes
  21 wolf spiders
  25 ugly things
  3 orc sorcerers
  3 moths of wrath
  3 manticores
  A manticore (shapeshifter) (Depths:1)
  7 will-o-the-wisps
  A cyclops (shapeshifter) (D:15)
  2 shining eyes (Depths:1)
  A guardian serpent (shapeshifter) (D:14)
  An elephant (shapeshifter) (Depths:2)
  2 ice statues
  15 elephants
  An orange demon (Depths:1)
  6 black mambas
  A smoke demon (D:15)
  11 vault sentinels
  A gargoyle (D:12)
  An unseen horror (D:11)
  14 cane toads
  16 torpor snails
  Psyche (D:8)
  An efreet (D:12)
  A freezing wraith (Vaults:3)
  5 rime drakes
  2 kobold demonologists (D:10)
  An anaconda simulacrum (IceCv)
  4 swamp worm zombies (Swamp:4)
  14 yaktaurs
  9 demonic crawlers
  12 komodo dragons
  A tengu conjurer (Depths:1)
  A hellwing (D:15)
  8 trolls
  A bloated husk (Swamp:4)
  A polar bear (shapeshifter) (D:15)
  3 hydra zombies (Swamp:4)
  A queen bee (Gauntlet)
  3 wolf spider simulacra (Spider:3)
  21 hornets
  26 tarantellas
  Grinder (Sewer)
  2 dream sheep (Lair:5)
  2 spectral swamp dragons (Swamp:4)
  9 tyrant leeches
  19 blink frogs
  21 slime creatures
  A dream sheep (shapeshifter) (D:13)
  A blink frog (shapeshifter) (D:15)
  2 alligator zombies (Swamp:4)
  An iron dragon simulacrum (Vaults:4)
  24 jumping spiders
  A spriggan (shapeshifter) (D:14)
  13 culicivoras
  2 shadows
  2 dire elephant simulacra (IceCv)
  29 yaks
  3 wyverns
  A centaur simulacrum (D:14)
  A water elemental (Elf:1)
  3 wraiths
  Eustachio (D:6)
  5 hogs (Lair:3)
  A wyvern (shapeshifter) (Elf:1)
  6 basilisks
  3 fire elementals (D:13)
  A steam dragon (D:7)
  42 redbacks
  9 wargs
  A death yak simulacrum (IceCv)
  A harpy simulacrum (IceCv)
  19 vampire mosquitoes
  2 acid dragons
  23 swamp worms
  A hydra simulacrum (IceCv)
  11 water moccasins
  A hell hound (D:13)
  2 floating eyes
  An ice beast (D:6)
  4 sky beasts (D:7)
  14 orc warriors
  4 swamp dragon zombies (Swamp:4)
  3 black bears
  5 ogres
  14 wolves
  9 centaurs
  3 boggarts (D:15)
  8 phantoms
  14 bullfrogs
  5 kobold brigands
  3 necrophages
  3 two-headed ogre simulacra (IceCv)
  A cane toad simulacrum (IceCv)
  5 gnoll sergeants
  2 scorpions
  4 wights (D:8)
  14 killer bees
  An elephant simulacrum (IceCv)
  2 howler monkeys
  5 electric eels
  2 lava snakes (Lair:1)
  3 hounds
  4 jellies
  12 orc priests
  4 iguanas
  15 orc wizards
  2 spectral swamp drakes (Swamp:4)
  A hell rat (Lair:5)
  A polar bear simulacrum (IceCv)
  6 spriggan simulacra (IceCv)
  3 wolf simulacra (IceCv)
  8 troll simulacra (IceCv)
  8 mummies (Ossuary)
  Robin (D:4)
  22 gnolls
  7 adders
  5 naga simulacra (IceCv)
  2 shadow imps (Sewer)
  4 white imps
  10 ufetubi
  2 worms (D:3)
  7 dart slugs
  58 orcs
  11 ball pythons
  7 endoplasms
  3 giant cockroaches (Sewer)
  14 goblins
  9 hobgoblins
  12 jackals
  6 quokkas
  6 bats
  4 frilled lizards
  A gnoll zombie (Ossuary)
  3 hobgoblin zombies (Ossuary)
  36 kobolds
  2 kobold zombies (Sewer)
  4 orc zombies (Ossuary)
  6 rats
  A briar patch (Swamp:1)
1381 creatures vanquished.

Vanquished Creatures (collateral kills)
  A sphinx (Vaults:2)
  An emperor scorpion (Spider:4)
  2 deep elf sorcerers
  2 ironbound preservers
  A shambling mangrove (Swamp:3)
  A vault guard (D:14)
  A hydra (Lair:2)
  An ice dragon (Lair:5)
  A centaur warrior (Vaults:3)
  2 ironbound frosthearts (Vaults:2)
  A jorogumo (Spider:3)
  2 radroaches
  9 dancing weapons (Elf:2)
  3 two-headed ogres
  A deep troll earth mage (Depths:2)
  3 orc high priests
  A death yak (Lair:5)
  2 spriggans (Swamp:3)
  3 deep elf knights (Elf:2)
  8 deep trolls
  A spectral wolf spider (Spider:3)
  A wizard (D:14)
  A phantasmal warrior (Vaults:3)
  An ironbound convoker (Vaults:3)
  An orc knight (D:14)
  3 lindwurms
  3 wolf spider zombies (Spider:3)
  6 orc sorcerers
  A vault sentinel (Vaults:3)
  A cyclops (D:7)
  A yaktaur (Vaults:3)
  A rime drake (Lair:5)
  A troll (Orc:2)
  A wolf spider simulacrum (Spider:3)
  6 hornets
  A jumping spider (Spider:3)
  A water elemental (Elf:2)
  An air elemental (Elf:2)
  A dire elephant simulacrum (IceCv)
  A yak (D:10)
  3 fire elementals (D:13)
  A vampire mosquito (Lair:2)
  2 wargs (Orc:2)
  A hell hound (D:13)
  13 orc warriors
  2 ogres (Orc:1)
  A two-headed ogre simulacrum (IceCv)
  An earth elemental (Elf:2)
  4 wights (D:6)
  An elephant simulacrum (IceCv)
  A jelly (D:6)
  2 hounds (D:6)
  5 orc priests
  4 orc wizards
  A troll simulacrum (IceCv)
  5 gnolls
  8 orcs (Orc:1)
135 creatures vanquished.

Vanquished Creatures (others)
  A wizard (Depths:2)
  A phantasmal warrior (Swamp:4)
  A deep elf pyromancer (Elf:2)
  A tengu conjurer (Depths:1)
  A troll (D:13)
  2 bloated husks (Swamp:4)
  2 phantoms (Swamp:4)
  A bullfrog (Lair:1)
  A gnoll (D:11)
  An orc (Elf:2)
  26 foxfires
  8 fungi
  49 plants
95 creatures vanquished.

Grand Total: 1611 creatures vanquished

Notes
Turn   | Place    | Note
-------+----------+-------------------------------------------
     0 | D:1      | concernfroge the Mummy Monk began the quest for the Orb.
     0 | D:1      | Reached XP level 1. HP: 18/18 MP: 1/1
   103 | D:1      | Reached XP level 2. HP: 10/24 MP: 2/2
   427 | D:1      | Found a faded altar of an unknown god.
   451 | D:1      | Prayed at the altar of an unknown god.
   451 | D:1      | Became a worshipper of Trog the Wrathful
   451 | D:1      | Reached * piety under Trog
   451 | D:1      | Reached ** piety under Trog
   782 | D:1      | Gained mutation: You are in touch with the powers of death.
                  | [Mummy growth]
   782 | D:1      | Reached XP level 3. HP: 30/30 MP: 3/3
   799 | D:1      | Reached *** piety under Trog
  2337 | D:3      | Reached XP level 4. HP: 31/38 MP: 4/4
  2477 | D:3      | Reached skill level 5 in Fighting
  2874 | D:3      | Found a glowing drain.
  2882 | Sewer    | Entered a sewer
  3247 | Sewer    | Found an ancient bone altar of Kikubaaqudgha.
  3247 | Sewer    | Noticed a kobold brigand
  3285 | Sewer    | Killed a kobold brigand
  3286 | Sewer    | Reached XP level 5. HP: 27/46 MP: 5/5
  3381 | Sewer    | Noticed Grinder
  3417 | Sewer    | Paralysed by Grinder for 2 turns
  3422 | Sewer    | Noticed a phantom
  3445 | Sewer    | Killed a phantom
  3446 | Sewer    | Reached XP level 6. HP: 26/53 MP: 6/6
  3572 | Sewer    | Paralysed by Grinder for 2 turns
  3587 | Sewer    | Paralysed by Grinder for 2 turns
  3596 | Sewer    | Killed Grinder
  3754 | Sewer    | Reached XP level 7. HP: 36/62 MP: 7/7
  3938 | Sewer    | Identified the +9 plate armour "Gegen" {Contam Harm rElec
                  | rPois}
  4095 | D:3      | Found a faded altar of an unknown god.
  4099 | D:3      | Found a shimmering blue altar of Sif Muna.
  4439 | D:4      | Reached **** piety under Trog
  4442 | D:4      | Noticed Robin
  4449 | D:4      | Killed Robin
  4587 | D:4      | Found a sand-covered staircase.
  4592 | Ossuary  | Entered an ossuary
  5356 | D:4      | You fall into a shaft and drop 2 floors!
  5376 | D:6      | Noticed Eustachio
  5388 | D:5      | Entered Level 5 of the Dungeon
  5429 | D:5      | Reached skill level 10 in Fighting
  5429 | D:5      | Reached XP level 8. HP: 67/72 MP: 8/8
  5459 | D:5      | Found a staircase to the Ecumenical Temple.
  5469 | D:5      | Reached skill level 1 in Axes
  5480 | Temple   | Entered the Ecumenical Temple
  5593 | D:5      | Reached skill level 2 in Axes
  6044 | D:5      | Reached ***** piety under Trog
  6045 | D:5      | Reached skill level 3 in Axes
  6106 | D:5      | Found Ximiongo's General Store.
  6114 | D:5      | Bought a scroll of teleportation for 36 gold pieces
  6114 | D:5      | Bought a scroll of magic mapping for 90 gold pieces
  6114 | D:5      | Bought a scroll of enchant weapon for 90 gold pieces
  6475 | D:5      | Reached skill level 4 in Axes
  6830 | D:6      | Killed Eustachio
  6831 | D:6      | Reached skill level 5 in Axes
  7071 | D:6      | Reached XP level 9. HP: 57/78 MP: 9/9
  7074 | D:6      | Reached skill level 6 in Axes
  7704 | D:7      | Found a large runed translucent door.
  7704 | D:7      | Found a large runed translucent door.
  7717 | D:7      | Found a large runed translucent door.
  7717 | D:7      | Found a large runed translucent door.
  7959 | D:7      | Reached skill level 7 in Axes
  8013 | D:7      | Noticed a cyclops
  8019 | D:7      | Killed a cyclops
  8020 | D:7      | Reached skill level 8 in Axes
  8196 | D:7      | Noticed a troll
  8210 | D:7      | Killed a troll
  8211 | D:7      | Reached skill level 9 in Axes
  8211 | D:7      | Reached XP level 10. HP: 57/85 MP: 10/10
  8734 | D:7      | Found a blossoming altar of Fedhas.
  8839 | D:8      | Identified the -1 buckler "Kabider" {rElec rN+ Dex+2}
  9172 | D:8      | Noticed Psyche
  9190 | D:8      | Killed Psyche
  9191 | D:8      | Reached skill level 10 in Axes
  9564 | D:8      | Found a radiant altar of Vehumet.
  9566 | D:8      | Found a shadowy altar of Dithmenos.
  9566 | D:8      | Found an ornate altar of the Wu Jian Council.
  9570 | D:8      | Found a shimmering altar of Xom.
  9678 | D:8      | Noticed Gastronok
  9693 | D:8      | Killed Gastronok
  9694 | D:8      | Reached skill level 11 in Axes
 10602 | D:9      | Found Jeun's Magic Scroll Shoppe.
 10610 | D:9      | Bought a scroll of teleportation for 36 gold pieces
 10610 | D:9      | Bought a scroll of teleportation for 36 gold pieces
 10610 | D:9      | Bought a scroll of immolation for 48 gold pieces
 10610 | D:9      | Bought a scroll of vulnerability for 48 gold pieces
 10610 | D:9      | Bought a scroll of enchant armour for 90 gold pieces
 10610 | D:9      | Bought a scroll of torment for 114 gold pieces
 10664 | D:9      | Reached XP level 11. HP: 80/90 MP: 11/11
 10977 | D:10     | Entered Level 10 of the Dungeon
 11075 | D:10     | Reached skill level 12 in Axes
 11166 | D:10     | Noticed a two-headed ogre
 11183 | D:10     | Killed a two-headed ogre
 11349 | D:10     | Identified the +0 leather armour "Enyob" {rN+}
 11694 | D:10     | Noticed a two-headed ogre
 11699 | D:10     | Killed a two-headed ogre
 11707 | D:10     | Noticed a sixfirhy
 11720 | D:10     | Reached skill level 13 in Axes
 12002 | D:10     | Noticed a two-headed ogre
 12008 | D:10     | Killed a two-headed ogre
 12537 | D:11     | Noticed a boulder beetle
 12555 | D:11     | Killed a boulder beetle
 12638 | D:11     | Noticed an eight-headed hydra
 12648 | D:11     | Killed a three-headed hydra
 12739 | D:11     | Reached skill level 14 in Axes
 13083 | D:11     | Found a staircase to the Orcish Mines.
 13131 | D:11     | Noticed a two-headed ogre
 13131 | D:11     | Noticed a boulder beetle
 13143 | D:11     | Killed a boulder beetle
 13144 | D:11     | Reached XP level 12. HP: 51/97 MP: 6/12
 13154 | D:11     | Killed a two-headed ogre
 13284 | D:11     | Found a staircase to the Lair.
 13295 | D:11     | Noticed a two-headed ogre
 13307 | D:11     | Killed a two-headed ogre
 13308 | D:11     | Reached skill level 15 in Axes
 13694 | Lair:1   | Entered Level 1 of the Lair of Beasts
 14715 | Lair:1   | Found a runed translucent door.
 14730 | Lair:1   | Identified the +8 whip of the Thing {vorpal, Fly rElec}
 14747 | Lair:1   | Reached skill level 1 in Throwing
 14752 | Lair:1   | Reached skill level 1 in Armour
 14752 | Lair:1   | Reached skill level 1 in Shields
 14752 | Lair:1   | Reached skill level 1 in Evocations
 14950 | Lair:1   | Found a runed translucent gate.
 14950 | Lair:1   | Found a runed translucent gate.
 14950 | Lair:1   | Found a runed translucent gate.
 14950 | Lair:1   | Found a runed translucent gate.
 14950 | Lair:1   | Found a runed translucent gate.
 14950 | Lair:1   | Found a runed translucent gate.
 14950 | Lair:1   | Noticed a boulder beetle
 14965 | Lair:1   | Killed a boulder beetle
 15210 | Lair:2   | Found a hole to the Spider Nest.
 15265 | Lair:2   | Noticed a catoblepas
 15304 | Lair:2   | Found a staircase to the Swamp.
 15502 | Lair:2   | Gained mutation: You are strongly in touch with the powers
                  | of death. [Mummy growth]
 15502 | Lair:2   | Reached XP level 13. HP: 82/103 MP: 13/13
 16713 | Lair:3   | Noticed Kirke
 16753 | Lair:3   | Killed Kirke
 18176 | Lair:5   | Entered Level 5 of the Lair of Beasts
 18206 | Lair:5   | Reached XP level 14. HP: 94/110 MP: 14/14
 18391 | Lair:5   | Identified the +7 morningstar of Uncomfortable Rashes
                  | {vorpal, rPois rF+ rN+}
 18471 | Lair:5   | Found a staircase to the Slime Pits.
 18762 | Lair:5   | Found a runed translucent door.
 18819 | Lair:5   | Reached skill level 5 in Armour
 18823 | Lair:5   | Reached skill level 5 in Evocations
 18825 | Lair:5   | Reached skill level 5 in Throwing
 18825 | Lair:5   | Reached skill level 5 in Dodging
 18826 | Lair:5   | Reached skill level 5 in Shields
 19614 | Lair:5   | Found the +7 lajatang of Order {silver, rMut}
 20157 | D:5      | Bought a condenser vane for 480 gold pieces
 20335 | D:12     | Found a flickering gateway to a bazaar.
 20361 | Bazaar   | Entered a bazaar
 20361 | Bazaar   | Found Rugycemu's Magic Scroll Boutique.
 20361 | Bazaar   | Found Joodos's Jewellery Boutique.
 20390 | Bazaar   | Found Lymygagi's Book Shop.
 20439 | Bazaar   | Found Sautomm's Jewellery Boutique.
 20486 | Bazaar   | Bought the amulet "Otuceot" {Reflect Str+4 SH+5} for 726
                  | gold pieces
 20503 | Bazaar   | Bought a ring of resist corrosion for 140 gold pieces
 20520 | Bazaar   | Bought a scroll of teleportation for 36 gold pieces
 20520 | Bazaar   | Bought a scroll of blinking for 90 gold pieces
 20584 | D:12     | Found a frozen archway.
 20656 | IceCv    | Entered an ice cave
 21444 | IceCv    | Identified the +5 spear "Sucus" {drain, Contam *Noise rPois
                  | rCorr}
 21490 | IceCv    | Noticed a reaper
 21532 | IceCv    | Killed a reaper
 22857 | D:13     | Noticed Sonja
 22885 | D:13     | Noticed Azrael
 23517 | D:14     | Reached skill level 1 in Maces & Flails
 23821 | D:14     | Noticed Agnes
 23830 | D:14     | Killed Agnes
 24648 | D:14     | Reached XP level 15. HP: 105/115 MP: 15/15
 24703 | D:14     | Found a gate to the Vaults.
 25084 | D:15     | Entered Level 15 of the Dungeon
 26287 | D:15     | Found a staircase to the Depths.
 27212 | D:13     | Killed Azrael
 27396 | D:13     | Killed Sonja
 27931 | Swamp:1  | Entered Level 1 of the Swamp
 29234 | Swamp:1  | Noticed a thorn hunter
 29241 | Swamp:1  | Killed a thorn hunter
 31000 | Swamp:3  | Reached XP level 16. HP: 99/122 MP: 16/16
 31346 | Swamp:3  | Reached skill level 5 in Maces & Flails
 31357 | Swamp:3  | Found a transporter.
 31358 | Swamp:3  | Noticed gdog's ghost (adept GnDe)
 31375 | Swamp:3  | Found a transporter.
 31377 | Swamp:3  | Found the +4 skin of Zhor {*Englaciate rC+++ SInv}
 31976 | Spider:1 | Entered Level 1 of the Spider Nest
 33165 | Lair:2   | HP: 4/122 [wolf spider (15)]
 33166 | Lair:2   | HP: 1/122 [wolf spider (3)]
 34819 | Spider:2 | Noticed Jorgrun
 34832 | Spider:2 | Killed Jorgrun
 35519 | Spider:3 | Found a transporter.
 36579 | Spider:3 | Found a transporter.
 36579 | Spider:3 | Found the +2 hat of the Bear Spirit {Spirit, *Rage Will++}
 36731 | Spider:3 | Reached skill level 10 in Maces & Flails
 37411 | Swamp:4  | Entered Level 4 of the Swamp
 37652 | Swamp:4  | Reached XP level 17. HP: 128/128 MP: 17/17
 39357 | Swamp:4  | Noticed a bone dragon
 39384 | Swamp:4  | Killed a bone dragon
 39393 | Swamp:4  | Got a decaying rune of Zot
 39712 | Spider:4 | Entered Level 4 of the Spider Nest
 40321 | Spider:4 | Noticed Bai Suzhen
 40334 | Spider:4 | Killed Bai Suzhen
 40478 | Spider:4 | Received a gift from Trog
 40961 | Spider:4 | Noticed Mlioglotl
 40963 | Spider:4 | Reached ****** piety under Trog
 40968 | Spider:4 | Killed Mlioglotl
 42448 | Spider:4 | Got a gossamer rune of Zot
 42569 | Spider:4 | Identified a scroll of acquirement
 42570 | Spider:4 | Acquired 1124 gold pieces
 42770 | Orc:1    | Entered Level 1 of the Orcish Mines
 43563 | Orc:2    | Entered Level 2 of the Orcish Mines
 43563 | Orc:2    | Found a transporter.
 43590 | Orc:2    | Found a staircase to the Elven Halls.
 43685 | Orc:2    | Found a gate leading to a gauntlet.
 43692 | Gauntlet | Entered a Gauntlet
 43692 | Gauntlet | Found a transporter.
 43692 | Gauntlet | Found a transporter.
 43739 | Gauntlet | Found a transporter.
 43742 | Gauntlet | Found a transporter.
 43742 | Gauntlet | Found a transporter.
 43754 | Gauntlet | Found a transporter.
 43818 | Gauntlet | Found a transporter.
 43838 | Gauntlet | Found a transporter.
 43843 | Gauntlet | Found a transporter.
 43853 | Gauntlet | Found a transporter.
 43868 | Gauntlet | Found a transporter.
 43874 | Gauntlet | Found a transporter.
 44117 | Gauntlet | Reached XP level 18. HP: 128/134 MP: 18/18
 44123 | Gauntlet | Identified the ring "Reliat" {rPois Str+6}
 44284 | Orc:2    | Noticed anonymouscript's ghost (journeyman MiBe)
 44419 | Orc:2    | Found Ockepyrph's General Store.
 44502 | Orc:2    | Found Fekhluadd's Magic Scroll Boutique.
 44505 | Orc:2    | Found Afeequfo's Distillery.
 44505 | Orc:2    | Found Beots's Magic Scroll Shoppe.
 44705 | Orc:2    | Found a transporter.
 45419 | Orc:2    | Killed anonymouscript's ghost
 45871 | Orc:2    | Bought a scroll of enchant armour for 82 gold pieces
 45871 | Orc:2    | Bought a scroll of enchant weapon for 82 gold pieces
 45871 | Orc:2    | Bought a scroll of poison for 44 gold pieces
 45873 | Orc:2    | Bought a scroll of noise for 14 gold pieces
 45873 | Orc:2    | Bought a scroll of vulnerability for 56 gold pieces
 45873 | Orc:2    | Bought a scroll of blinking for 105 gold pieces
 45873 | Orc:2    | Bought a scroll of torment for 133 gold pieces
 45873 | Orc:2    | Bought a scroll of teleportation for 42 gold pieces
 45873 | Orc:2    | Bought a scroll of teleportation for 42 gold pieces
 45883 | Orc:2    | Bought a scroll of teleportation for 45 gold pieces
 45883 | Orc:2    | Bought a scroll of poison for 60 gold pieces
 45883 | Orc:2    | Bought 5 stones for 7 gold pieces
 45883 | Orc:2    | Bought 4 stones for 6 gold pieces
 45883 | Orc:2    | Bought 9 stones for 13 gold pieces
 45927 | Elf:1    | Entered Level 1 of the Elven Halls
 46000 | Elf:1    | Found Baigrail's Armour Shop.
 46054 | Elf:1    | Found an ancient bone altar of Kikubaaqudgha.
 46257 | Elf:1    | Identified the +10 dagger of the Vase {vorpal, *Corrode
                  | Will+ SInv}
 46318 | Elf:1    | Identified the +3 broad axe of Sudden Death {elec, Str+3}
 46371 | Elf:1    | Identified the +9 longbow of Tipt {venom, Will+ Str+2}
 46941 | Elf:1    | Found a radiant altar of Vehumet.
 47020 | Elf:1    | Found an ancient bone altar of Kikubaaqudgha.
 47021 | Elf:1    | Found a radiant altar of Vehumet.
 47032 | Elf:1    | Found a shimmering blue altar of Sif Muna.
 47068 | Elf:1    | Found the +8 whip "Snakebite" {venom, curare, rPois}
 47181 | Elf:2    | Paralysed by an air elemental for 1 turns
 47189 | Elf:2    | Paralysed by an air elemental for 1 turns
 47194 | Elf:2    | Paralysed by an air elemental for 1 turns
 47884 | Elf:2    | Reached skill level 10 in Shields
 48085 | Elf:2    | Found a runed translucent gate.
 48086 | Elf:2    | Found a runed translucent gate.
 48086 | Elf:2    | Found a runed translucent gate.
 48226 | Elf:2    | Found a radiant altar of Vehumet.
 48234 | Elf:2    | Reached skill level 10 in Armour
 48387 | Elf:2    | Reached skill level 10 in Throwing
 48392 | Elf:2    | Reached skill level 10 in Evocations
 50117 | Vaults:1 | Entered Level 1 of the Vaults
 50815 | Vaults:1 | Reached XP level 19. HP: 146/146 MP: 19/19
 51327 | Vaults:1 | Noticed Donald
 51336 | Vaults:1 | Killed Donald
 52054 | Vaults:1 | Noticed Aizul
 52073 | Vaults:1 | Killed Aizul
 52471 | Vaults:2 | Received a gift from Trog
 53445 | Vaults:2 | Found Usoxiadd's Antique Weapon Shop.
 54147 | Vaults:3 | Noticed Mennas
 54157 | Vaults:3 | Killed Mennas
 56086 | Vaults:3 | Found a runed translucent gate.
 56086 | Vaults:3 | Found a runed translucent gate.
 56088 | Vaults:3 | Found a runed translucent gate.
 56088 | Vaults:3 | Found an ancient bone altar of Kikubaaqudgha.
 56088 | Vaults:3 | Noticed vegansnacktivist's ghost (adept DDFi)
 56088 | Vaults:3 | Noticed MackTheFife's ghost (veteran HOGl)
 56089 | Vaults:3 | Noticed rgbqcd's ghost (veteran MiBe)
 56089 | Vaults:3 | Noticed an ancient lich
 56113 | Vaults:3 | Reached XP level 20. HP: 159/159 MP: 20/20
 56872 | Vaults:3 | Found a staircase to the Crypt.
 56943 | Vaults:3 | Noticed Asterion
 56959 | Vaults:3 | Killed Asterion
 57444 | Vaults:3 | Killed an ancient lich
 57605 | Vaults:2 | Acquired the +0 pair of gloves "Jozog" {rPois Int+3 Dex+4
                  | SInv}
 58035 | Vaults:4 | Found a flickering gateway to a bazaar.
 58042 | Bazaar   | Entered a bazaar
 58094 | Bazaar   | Found Geweh's Distillery.
 58094 | Bazaar   | Found Qufuvuam's Distillery.
 58116 | Bazaar   | Found Dunuq's Assorted Antiques.
 58116 | Bazaar   | Found Kaol's Book Emporium.
 58138 | Bazaar   | Found Fivu Jiu's Antique Weapon Emporium.
 58188 | Bazaar   | Bought a scroll of blinking for 232 gold pieces
 58188 | Bazaar   | Bought a scroll of teleportation for 93 gold pieces
 58188 | Bazaar   | Bought a lightning rod (4/4) for 930 gold pieces
 58188 | Bazaar   | Bought a box of beasts for 1240 gold pieces
 58591 | Vaults:4 | Identified the +8 chain mail of the Cartwright {rElec rPois
                  | Dex-2 Stlth+}
 60006 | Depths:1 | Entered Level 1 of the Depths
 60386 | Depths:1 | Found a gateway to Hell.
 61003 | Depths:1 | Found a one-way gate leading to the halls of Pandemonium.
 61235 | Depths:1 | Identified the +1 pair of boots of Shadows and Fog {Contam
                  | rElec rPois Str+8}
 63378 | Depths:1 | Reached XP level 21. HP: 128/165 MP: 21/21
 63987 | Depths:2 | Noticed a juggernaut
 64044 | Depths:1 | Killed a juggernaut
 64290 | Depths:2 | Noticed a caustic shrike
 64314 | Depths:2 | HP: 7/165 [cyan very ugly thing (15)]
 64314 | Depths:2 | Slain by a cyan very ugly thing

Illustrated notes

Levels and vault maps discovered:
D:1:      spicycebolla_arrival_transporter_tutorial, layout_basic,
          hellmonk_ecumenical_altar_heavens_door,
          corexii_item_surrounded_by_moat, corexii_item_surrounded_by_moat
D:2:      layout_basic, serial_forest, infiniplex_forest_straight_3,
          infiniplex_forest_end_1, infiniplex_forest_end_1,
          infiniplex_forest_end_2, infiniplex_forest_end_double,
          infiniplex_forest_end_1, infiniplex_forest_straight_4
D:3:      layout_basic, nicolae_overflow_ecumenical_swirl,
          lightli_sewer_entry_pipes
D:4:      layout_basic, enter_ossuary_5, uniq_robin
D:5:      layout_gridville, minmay_temple_entry_glass, serial_shops,
          nicolae_shop_stone, lightli_minifort
D:6:      layout_rooms, uniq_eustachio
D:7:      layout_loops_ring, fedhas_altar_4, chequers_decorated_corner,
          minmay_hollow_rounded_squares
D:8:      layout_loops_cross, grunt_temple_overflow_open, uniq_psyche,
          uniq_gastronok
D:9:      layout_long_grid, serial_shops, nicolae_shop_advertising_works
          [nicolae_subvault_shop_adworks]
D:10:     layout_grid_maze
D:11:     cheibrodos_barr_body, layout_rooms, lair_entry_dummy,
          minmay_orc_entry_guard_dogs
D:12:     layout_roguey, serial_shops, bzr_in_the_mist,
          portal_ice_cave_entry_pillars_2
D:13:     layout_basic, uniq_sonja, uniq_azrael
D:14:     layout_stronghold, grunt_vaults_entry_fortified, minivault_26,
          uniq_agnes
D:15:     grunt_enter_depths_hoard, layout_loops_corners, chequers_garden
Temple:   nicolae_temple_no_exploring_needed
Lair:1:   gammafunk_indiana_jones, layout_regular_city, lemuel_fruit_tree
Lair:2:   layout_hall_layers, swamp_mist, spider_nest_entry_rubble,
          serial_bayou_pond_a, minmay_shattered_shrine
Lair:3:   layout_chaotic_city, uniq_kirke
Lair:4:   layout_roguey
Lair:5:   hangedman_lair_in_review, layout_hall_layers, wormcave,
          nicolae_slime_entry_slimehenge
Swamp:1:  layout_falls_marsh, serial_swamp_ruin, evilmike_swamp_ruin_house_3,
          evilmike_swamp_ruin_house_6
Swamp:2:  layout_basic_swamp, nicolae_swamp_godswood, swamp_pool1
Swamp:3:  layout_basic_swamp, gammafunk_ghost_arena, hangedman_swamp_cone,
          swamp_pool1
Swamp:4:  swamp_pestilence, layout_basic_swamp, swamp_pool2,
          nicolae_swamp_wisp_ring_woods
Spider:1: layout_spider_delve
Spider:2: layout_spider_delve, uniq_jorgrun
Spider:3: gammafunk_sealed_arena, nicolae_spider_undead_wolf_pack
Spider:4: spider_rune_water, drop_trap, uniq_mlioglotl, uniq_bai_suzhen
Orc:1:    layout_caves
Orc:2:    st_orc_elflike, layout_diamond_mine, gammafunk_ghost_arena,
          gauntlet_entry_generic
Elf:1:    minmay_the_grid_octo_triangle [minmay_the_grid_octo_focus,
          minmay_the_grid_octo_prize_star, minmay_the_grid_octo_shrine],
          layout_geoelf_diagonals, serial_shops, nicolae_shop_hallway_plus,
          basic_altar, minmay_elf_sorcery
Elf:2:    nicolae_elf_blades_crystal_corner, layout_gridlike,
          serial_corexii_hall, chequers_hall_statues_wall_a,
          corexii_hall_statues_l, guppyfry_elf_altar
Vaults:1: st_lattice, vaults_mumra_hexcomb, nicolae_vaults_little_ls, v_misc_13,
          v_misc_17, v_misc_17, ontoclasm_vaults_ligature, vaults_room_fours,
          v_misc_18, layout_vaults_quadrants, uniq_aizul, uniq_donald
Vaults:2: nicolae_vaults_border_crossing, nicolae_vaults_circle_grid_b,
          grunt_vaults_twisty, ontoclasm_vaults_twist, nicolae_vaults_rhombus_6,
          ontoclasm_vaults_ring_small, v_misc_23, vaults_mumra_chevron,
          hangedman_vaults_pinch, ontoclasm_vaults_decontamination,
          grunt_vaults_hallway_short, v_pattern_5, layout_vaults_big_cross,
          serial_shops, shop
Vaults:3: gammafunk_ghost_crypt, hangedman_vaults_stitches,
          hangedman_vaults_restitches, v_misc_18, dpeg_vaults_monster_box,
          nicolae_vaults_theta, minmay_crypt_entry_simple_plaza,
          vaults_mumra_lcd, vaults_room_fours, ontoclasm_vaults_misaligned,
          hangedman_vaults_stretched_pinwheel, v_misc_19, v_misc_18,
          vaults_dpeg_encased_lava, layout_vaults_maze, uniq_asterion,
          uniq_mennas
Vaults:4: portal_desolation_entry_garden, v_rooms_5, ontoclasm_vaults_shuriken,
          serial_ice_b, nicolae_vaults_back_hallway, vaults_room_hallway,
          nicolae_vaults_what_the_h, v_misc_29, v_misc_10, v_alt_pattern_3,
          layout_vaults_omnibox, serial_shops, bzr_entry_gold
Depths:1: layout_cave_shapes, rand_demon_pan_entry_5, hell_entry,
          nrook_mini_vaults, st_stairs_9, hangedman_eye_storm
Depths:2: nzn_winding_woodlands_small [nzn_winding_woodlands_5x15_crooked,
          nzn_winding_woodlands_center_pierced_h,
          nzn_winding_woodlands_5x15_split_checker], layout_cave_shapes,
          enter_ziggurat_f, grunt_hell_horde, hangedman_abyss_or_decor_slice,
          rand_demon_pan_entry_8

Skill      XL: |  1  2  3  4  5  6  7  8  9 10 11 12 13 14 15 16 17 18 19 20 21 |
---------------+----------------------------------------------------------------+-----
Fighting       | 4 6 8 10 12 14 | 14.0
Axes           | 5 9 11 14 15 | 15.9
Throwing       | 2 4 6 7 8 10 11 12 | 12.0
Armour         | 2 4 6 7 8 10 11 12 | 12.0
Shields        | 2 4 6 7 8 9 10 11 12 | 12.0
Evocations     | 2 4 6 7 8 10 11 12 | 12.0
Dodging        | 3 4 6 8 |  8.6
Maces & Flails | 1 4 10 12 | 12.6
Polearms       | |  2.4
Stealth        | |  1.5

Action                   |  1- 3 |  4- 6 |  7- 9 | 10-12 | 13-15 | 16-18 | 19-21 || total
-------------------------+-------+-------+-------+-------+-------+-------+-------++-------
Melee: Spear             |   189 |   194 |       |       |       |       |       ||   383
       Punch             |     2 |     2 |     4 |       |       |       |       ||     8
       Quarterstaff      |       |    54 |    24 |       |       |       |       ||    78
       War axe           |       |       |   388 |   554 |   793 |    83 |       ||  1818
       Morningstar       |       |       |       |       |   399 |  1145 |  1058 ||  2602
       Broad axe         |       |       |       |       |       |   135 |       ||   135
Throw: Stone             |       |    10 |     2 |    24 |    57 |   123 |    20 ||   236
       Dart              |       |     4 |    13 |    64 |   184 |   295 |   136 ||   696
       Boomerang         |       |       |       |       |    30 |    62 |    28 ||   120
       Throwing net      |       |       |       |       |       |     1 |       ||     1
       Javelin           |       |       |       |       |       |       |     8 ||     8
Invok: Trog's Hand       |       |     5 |     4 |    14 |    17 |    27 |    31 ||    98
       Brothers in Arms  |       |       |     4 |     4 |     9 |    24 |    10 ||    51
Evoke: Wand              |       |       |       |     7 |    35 |    34 |    25 ||   101
       Phantom mirror    |       |       |       |       |     5 |     5 |     6 ||    16
       Condenser vane    |       |       |       |       |     3 |     3 |     2 ||     8
       Tin of tremorston |       |       |       |       |       |     2 |    10 ||    12
       Lightning rod     |       |       |       |       |       |       |     8 ||     8
       Box of beasts     |       |       |       |       |       |       |     5 ||     5
  Use: Scroll            |       |     4 |     7 |     7 |    16 |    19 |    21 ||    74
 Stab: Paralysed         |       |       |       |     6 |     8 |       |     9 ||    23
       Petrified         |       |       |       |       |     9 |       |       ||     9
       Petrifying        |       |       |       |       |     4 |       |       ||     4
       Distracted        |       |       |       |       |       |     2 |       ||     2
       Invisible         |       |       |       |       |       |     2 |     2 ||     4
Armor: Scale mail        |    12 |       |       |       |       |       |       ||    12
       Chain mail        |    66 |   159 |     5 |       |       |       |       ||   230
       Plate armour      |       |       |   407 |   481 |   730 |  1006 |   347 ||  2971
       Crystal plate arm |       |       |       |       |       |       |   156 ||   156
Dodge: Dodged            |    47 |    86 |   114 |   126 |   259 |   441 |   218 ||  1291
Block: Buckler           |       |       |       |    38 |       |       |       ||    38
       Kite shield       |       |       |       |    63 |   655 |  1203 |   461 ||  2382
       Reflection        |       |       |       |       |    42 |    44 |    43 ||   129
       Tower shield      |       |       |       |       |       |       |   542 ||   542
